Map: King's Cove LE

Players

Takker

  • Race: Protoss Protoss
  • League: Silver
  • Spawn Location: 5:00

colt - Winner!

  • Race: Protoss Protoss
  • Spawn Location: 11:00

VOD

Have the link to the VOD?

Description

Time

  • Played on: May 27, 2019, 1:29 p.m.
  • Length: 2:27
Show
View Real Time Build Order
Export as new Build Order

Takker Protoss 

Build Orders:  

Get SALT Encoding   

  12  0:00  Probe  
  13  0:08  Probe  
  14  0:24  Pylon  
  14  0:27  Probe  
  15  0:37  Assimilator  
  15  0:42  Probe  
  16  0:55  Gateway  
  16  1:11  Probe  
  16  1:13  Pylon  
  16  1:15  Assimilator  
  17  1:19  Probe  
  18  1:29  Probe  
  19  1:41  Probe  
  19  1:45  Zealot  
  22  1:53  Probe  
  23  2:05  Probe  
  23  2:06  Gateway  
Show
View Real Time Build Order
Export as new Build Order

colt Protoss - Winner!

Build Orders: Cannon Rush 

Get SALT Encoding   

  12  0:01  Probe  
  13  0:15  Probe  
  13  0:16  Pylon  
  14  0:23  Probe  
  15  0:36  Forge  
  15  0:55  Gateway  
  15  1:20  Pylon  
  15  1:23  Pylon  
  15  1:30  Pylon  
  15  1:42  Photon Cannon  
  15  1:44  Photon Cannon  
  15  1:47  Photon Cannon  
  15  1:58  Photon Cannon  
  15  2:14  Photon Cannon  
  15  2:24  Photon Cannon  
Tags
 
League
Silver
Matchup
PvP
Replay Pack
Up to May 28th
Spawn Locations
Cross Positions
Add a new tag
Caveats
  • Supply blocks, unpowered buildings, or Contaminate may cause inaccurate times.
  • Supply counts are checked every 10 seconds.